 Dungeon Crawl Stone Soup version 0.29.1-13-g9f3cf754e1 (webtiles) character file.

Game seed: 15717225831416487950

83 Vulpanium the Grave Robber (level 4, -5/33 HPs)
             Began as a Draconian Necromancer on Jan 22, 2023.
             Was a Follower of Uskayaw.
             Slain by a gnoll
             ... wielding a +0 whip
              (6 damage)
             ... on level 3 of the Dungeon.
             The game lasted 00:06:54 (2840 turns).

Vulpanium the Grave Robber (Draconian Necromancer)  Turns: 2840, Time: 00:06:55

Health: -5/33      AC:  5    Str: 10    XL:     4   Next: 22%
Magic:  1/8        EV: 16    Int: 18    God:    Uskayaw [*.....]
Gold:   125        SH:  0    Dex: 11    Spells: 7/8 levels left

rFire   . . .      SeeInvis .   d - staff of air
rCold   . . .      Faith    .   (no shield)
rNeg    . . .      Spirit   .   (body armour unavailable)
rPois   .          Reflect  .   (helmet restricted)
rElec   +          Harm     .   (no cloak)
rCorr   .          Rampage  .   (no gloves)
Will    .....                   (no boots)
Stlth   ++........              (no amulet)
HPRegen 0.11/turn               e - +4 ring of evasion
MPRegen 0.11/turn               (no ring)

@: no status effects
A: AC +5, unfitting armour, cold-blooded
a: Renounce Religion, Stomp


You were on level 3 of the Dungeon.
You worshipped Uskayaw.
Uskayaw was noncommittal.
You visited 1 branch of the dungeon, and saw 3 of its levels.

You collected 125 gold pieces.

Inventory:

Hand Weapons
 c - a +0 dagger
Magical Staves
 d - a staff of air (weapon)
Jewellery
 e - a +4 ring of evasion (left hand)
 f - a +4 ring of evasion
Wands
 i - a wand of charming (5)
Scrolls
 b - 2 scrolls of fog {unknown}
 h - a scroll of teleportation {unknown}
 j - a scroll of enchant armour {unknown}
 k - a scroll of torment {unknown}
 l - a scroll of poison {unknown}
Potions
 a - 2 potions of magic
 g - a potion of ambrosia {unknown}
 m - a potion of curing {unknown}
 n - a potion of might {unknown}


   Skills:
 * Level 1.2 Staves
 + Level 2.1 Dodging
 + Level 2.2 Stealth
 + Level 2.7 Spellcasting
 + Level 4.6 Necromancy


You had 7 spell levels left.
You knew the following spells:

 Your Spells              Type           Power      Damage    Failure   Level
a - Necrotise             Necr           76%        1d7       2%          1

Your spell library contained the following spells:

 Spells                   Type           Power      Damage    Failure   Level
 Vampiric Draining        Necr           19%        2d7       8%          3
 Animate Dead             Necr           19%        N/A       24%         4
 Agony                    Necr           19%        N/A       56%         5


Dungeon Overview and Level Annotations

Branches:
Dungeon (3/15)

Altars:
Uskayaw

Shops:
D:2 [


Innate Abilities, Weirdness & Mutations

Your plain brown scales are hard. (AC +5)
You cannot fit into any form of body armour.
You are cold-blooded and may be slowed by cold attacks.


Message History

Your gnoll skeleton barely misses the gnoll.
The gnoll misses you. The gnoll completely misses you.
You hit the gnoll.
The gnoll is heavily wounded.
Your gnoll skeleton hits the gnoll.
The gnoll misses you.
Your gnoll skeleton hits the gnoll.
The gnoll misses you.
The endoplasm completely misses your gnoll skeleton.
The gnoll completely misses you.
Your magical contamination has completely faded away.
You see here a +0 whip.
The endoplasm hits your gnoll skeleton. The gnoll misses you.
The gnoll completely misses you.
Your gnoll skeleton barely misses the endoplasm.
You barely miss the gnoll.
The gnoll is heavily wounded.
The endoplasm hits your gnoll skeleton. The gnoll misses you.
The gnoll hits you with a +0 whip.
You hit the gnoll but do no damage.
The gnoll is heavily wounded.
Your gnoll skeleton hits the endoplasm.
The gnoll hits you with a +0 whip.
The endoplasm completely misses your gnoll skeleton.
The gnoll hits you from afar with a +0 halberd!
You can no longer pass through a line of other dancers.
You hit the gnoll but do no damage.
The gnoll is heavily wounded.
Your gnoll skeleton barely misses the endoplasm.
The endoplasm barely misses your gnoll skeleton.
The gnoll hits you from afar with a +0 halberd!
* * * LOW HITPOINT WARNING * * *
The gnoll misses you. The endoplasm hits your gnoll skeleton.
The gnoll closely misses you.
Your gnoll skeleton hits the endoplasm but does no damage.
Casting: Necrotise (safe; 2% risk of failure)
Confirm with . or Enter, or press ? or * to list all spells.
Aiming: Necrotise (safe; 2% risk of failure)
Press: ? - help, Shift-Dir - straight line, f/p - gnoll
Aim: a gnoll, wielding a +0 whip (heavily wounded, chance to affect: 84%)
The gnoll writhes in agony.
The endoplasm hits your gnoll skeleton. The gnoll barely misses you.
The gnoll hits you with a +0 whip.
You die...

#### ###..#####.
####.......##.
####..........##. #
###....#...........
..<.####g...............#.
....JZ.g.@######.......##.
....##.#### #.......##. .
... #.......... ...##
##### #........## ####
#.... ###..######
#..#.###<..# #
####..#.##...## #
#........#..## #
####..##..#.....# #


You could see 2 gnolls, an endoplasm (ally target) and a friendly gnoll
skeleton.

Vanquished Creatures
  2 adders (D:2)
  A gnoll (D:3)
  A worm (D:2)
  A dart slug (D:3)
  3 endoplasms (D:1)
  3 goblins
  7 hobgoblins
  3 jackals (D:1)
  4 quokkas
  5 ball pythons
  6 bats
  A frilled lizard (D:2)
  3 kobolds
  4 rats (D:1)
44 creatures vanquished.

Vanquished Creatures (collateral kills)
  A goblin (D:1)
  A hobgoblin (D:1)
  A bat (D:3)
3 creatures vanquished.

Grand Total: 47 creatures vanquished

Notes
Turn   | Place    | Note
-------+----------+-------------------------------------------
     0 | D:1      | Vulpanium the Draconian Necromancer began the quest for the
                  | Orb.
     0 | D:1      | Reached XP level 1. HP: 14/14 MP: 3/3
   545 | D:1      | Reached XP level 2. HP: 8/20 MP: 1/5
  1176 | D:1      | Found a faded altar of an unknown god.
  1181 | D:1      | Prayed at the altar of an unknown god.
  1181 | D:1      | Became a worshipper of Uskayaw the Reveller
  1181 | D:1      | Reached * piety under Uskayaw
  1258 | D:2      | Reached ** piety under Uskayaw
  1265 | D:2      | Reached XP level 3. HP: 26/26 MP: 1/6
  1345 | D:2      | Found Esejifroa's Armour Boutique.
  1560 | D:2      | Reached skill level 1 in Staves
  2617 | D:3      | Reached XP level 4. HP: 33/33 MP: 6/8
  2838 | D:3      | HP: 1/33 [gnoll/+0 halberd (10)]
  2840 | D:3      | Slain by a gnoll

Illustrated notes

Levels and vault maps discovered:
D:1:      spicycebolla_green_bress_n_ham_2, layout_rooms,
          hellmonk_ecumenical_altar_heavens_door
D:2:      layout_basic, serial_shops, shop
D:3:      layout_rooms, amethyst_killhole, hangedman_decor_lopped

Skill      XL: |  1  2  3 |
---------------+----------+-----
Dodging        | 2 |  2.1
Staves         | 1 |  1.2
Stealth        | 2 |  2.2
Spellcasting   | |  2.7
Necromancy     | |  4.6

Action                   |  1- 3 |  4- 6 || total
-------------------------+-------+-------++-------
Melee: Unarmed           |    13 |       ||    13
       Dagger            |    19 |       ||    19
       Tailslap          |     5 |       ||     5
       Staff             |    12 |     4 ||    16
 Cast: Necrotise         |    62 |    14 ||    76
 Stab: Distracted        |     1 |       ||     1
Armor: Skin              |    25 |     2 ||    27
Dodge: Dodged            |    57 |    15 ||    72
